[Event "Titled Tuesday Blitz June 15 2021"]
[White "Macovei, Andrei"]
[Black "Drygalov, Sergey"]
[WhiteFideId "13904680"]
[BlackFideId "24171743"]
[WhiteElo "2439"]
[BlackElo "2514"]
[Result "1-0"]
[Round "04"]
[TimeControl "180+1"]
[Date "2021.06.15"]
[WhiteClock "0:00:18"]
[BlackClock "0:00:01"]

1. e4 c5 2. Nf3 e6 3. g3 b6 4. d4 Bb7 5. d5 g6 6. Bg2 Bg7 7. O-O Nf6 8. Re1 O-O 9. c4 d6 10. Nc3 e5 11. a3 Nbd7 12. b4 Nh5 13. Bg5 f6 14. Be3 Qe7 15. Nb5 Rfc8 16. Qb3 Ba6 17. Bh3 Bxb5 18. cxb5 Rc7 19. Nd2 Bf8 20. Nc4 Ng7 21. Bxd7 Qxd7 22. bxc5 bxc5 23. a4 f5 24. f3 Nh5 25. Kg2 fxe4 26. fxe4 Qg4 27. Qc2 Nf6 28. Bd2 Rf7 29. Qd1 Qd7 30. Qe2 Be7 31. Rf1 Raf8 32. h3 Kg7 33. Rf3 Nh5 34. Raf1 Rxf3 35. Rxf3 Rxf3 36. Qxf3 a6 37. Qb3 axb5 38. axb5 Bd8 39. b6 Qb7 40. Qb5 Nf6 41. Kf3 h6 42. Ba5 Qf7 43. Ke3 Nh5 44. b7 Bg5+ 45. Ke2 Nxg3+ 46. Kd1 Qf3+ 47. Kc2 Qxe4+ 48. Kb3 Qb1+ 49. Ka4 Qa2+ 50. Na3 Bc1 51. Qb3 Qf2 52. b8=Q Qd4+ 53. Kb5 Nf5 54. Ka6 Be3 55. Q3b7+ Kf6 56. Qd8+ Ne7 57. Qdxe7+ Kf5 58. Qe6+ Kf4 59. Qg4# 1-0


[Site "https://www.chess.com"]

[Event "Titled Tuesday Blitz June 15 2021"]
[White "Maksimenko, Viktor"]
[Black "Jumabayev, Rinat"]
[WhiteFideId "13710478"]
[BlackFideId "13702661"]
[WhiteElo "2566"]
[BlackElo "2848"]
[Result "0-1"]
[Round "04"]
[TimeControl "180+1"]
[Date "2021.06.15"]
[WhiteClock "0:00:05"]
[BlackClock "0:00:14"]

1. d4 d6 2. e4 g6 3. Nc3 c6 4. a4 Bg7 5. g3 Nf6 6. Bg2 O-O 7. Nge2 e5 8. O-O Qe7 9. h3 Re8 10. Be3 Na6 11. Qd2 Nb4 12. Rae1 b6 13. g4 Ba6 14. g5 Nh5 15. d5 cxd5 16. exd5 Nf4 17. Nb5 Nxg2 18. Kxg2 Nxd5 19. Ng3 Bb7 20. Kh2 Nxe3 21. fxe3 d5 22. h4 Rad8 23. Rf2 h6 24. Ref1 Rf8 25. Qe2 hxg5 26. h5 a6 27. Nc3 e4 28. Kg2 Be5 29. Qg4 Bc8 30. Qe2 f5 31. hxg6 f4 32. Ngxe4 dxe4 33. Nxe4 Bb7 34. Qh5 Bxe4+ 35. Kg1 Qg7 36. Rh2 Qxg6 37. Qh8+ Bxh8 0-1


[Site "https://www.chess.com"]

[Event "Titled Tuesday Blitz June 15 2021"]
[White "Maly, Alexey"]
[Black "Tabatabaei, M. Amin"]
[WhiteFideId "14103184"]
[BlackFideId "12521213"]
[WhiteElo "2285"]
[BlackElo "2555"]
[Result "1-0"]
[Round "04"]
[TimeControl "180+1"]
[Date "2021.06.15"]
[WhiteClock "0:00:08"]
[BlackClock "0:00:27"]

1. d4 f5 2. c4 Nf6 3. Nf3 g6 4. g3 Bg7 5. Bg2 O-O 6. O-O d6 7. b3 c6 8. Bb2 Qc7 9. d5 e5 10. dxe6 Bxe6 11. Nc3 a5 12. e3 Na6 13. Qe2 Rad8 14. Rad1 Nc5 15. Nd4 Bc8 16. h3 Qf7 17. Kh2 g5 18. a3 h5 19. b4 Nce4 20. Nxe4 fxe4 21. Rd2 axb4 22. axb4 Qg6 23. Rfd1 Rf7 24. b5 c5 25. Nb3 b6 26. Nc1 Ne8 27. Bxg7 Kxg7 28. Na2 g4 29. h4 Rf3 30. Nc3 Nc7 31. Nd5 Nxd5 32. Rxd5 Qf6 33. Rg5+ Kh6 34. Rdd5 Rxf2 35. Rxh5+ Kg7 36. Rdg5+ Kf8 37. Rh8+ Ke7 38. Rh7+ Ke6 39. Qxg4+ Rf5 40. Bxe4 Ke5 41. Qf4+ Ke6 42. Bd5+ 1-0


[Site "https://www.chess.com"]

[Event "Titled Tuesday Blitz June 15 2021"]
[White "Manafov, Vugar"]
[Black "Vignesh, N R"]
[WhiteFideId "13410814"]
[BlackFideId "25012215"]
[WhiteElo "2274"]
[BlackElo "2401"]
[Result "1-0"]
[Round "04"]
[TimeControl "180+1"]
[Date "2021.06.15"]
[WhiteClock "0:00:10"]
[BlackClock "0:00:04"]

1. Nf3 Nf6 2. g3 g6 3. Bg2 Bg7 4. O-O O-O 5. d3 d5 6. Nc3 d4 7. Nb5 c5 8. e4 dxe3 9. Bxe3 a6 10. Nc3 Nd5 11. Bxc5 Nxc3 12. bxc3 Bxc3 13. Rb1 Nd7 14. Ba3 Re8 15. d4 Nf6 16. Rb3 Ba5 17. c4 Rb8 18. Ne5 Bc7 19. Re1 Nd7 20. Rd3 Ba5 21. Re2 Nxe5 22. Rxe5 Bf5 23. Rde3 Bb6 24. Rxe7 Rxe7 25. Rxe7 Bxd4 26. Bd5 Qb6 27. Rxf7 Bxf2+ 28. Kg2 Be4+ 29. Bxe4 Kxf7 30. Qf3+ Qf6 31. Qxf2 Qxf2+ 32. Kxf2 b5 33. c5 Rd8 34. Ke3 Ke6 35. Bb7 a5 36. c6 b4 37. c7 1-0


[Site "https://www.chess.com"]

[Event "Titled Tuesday Blitz June 15 2021"]
[White "Martinez Alcantara, Jose Eduardo"]
[Black "Siniauski, Artsiom"]
[WhiteFideId "3805662"]
[BlackFideId "13512269"]
[WhiteElo "3005"]
[BlackElo "2551"]
[Result "1-0"]
[Round "04"]
[TimeControl "180+1"]
[Date "2021.06.15"]
[WhiteClock "0:00:13"]
[BlackClock "0:00:01"]

1. e4 e6 2. d4 d5 3. Nd2 c5 4. Ngf3 cxd4 5. Nxd4 Nc6 6. Nxc6 bxc6 7. Bd3 Qc7 8. O-O Bd6 9. h3 Ne7 10. c4 d4 11. c5 Bxc5 12. Nc4 O-O 13. Qh5 Bb6 14. Bd2 Ba6 15. Rac1 Ng6 16. f4 Bxc4 17. Rxc4 e5 18. g3 f6 19. Kh1 Qd7 20. f5 Ne7 21. g4 c5 22. Rg1 Nc8 23. g5 fxg5 24. Bxg5 Kh8 25. Rc2 Nd6 26. b3 Qf7 27. Qh4 Bd8 28. Rxc5 Bxg5 29. Qxg5 Rac8 30. Rxe5 h6 31. Qe7 Qxe7 32. Rxe7 Rf7 33. Re6 Rf6 34. e5 Rxe6 35. fxe6 Ne8 36. Rf1 g5 37. e7 Kg7 38. Rf8 Rc1+ 39. Kg2 Nc7 40. Rc8 Kf7 41. e8=Q+ Nxe8 42. Rxc1 1-0


[Site "https://www.chess.com"]

[Event "Titled Tuesday Blitz June 15 2021"]
[White "Moskalenko, Alexander"]
[Black "Mekhitarian, Krikor Sevag"]
[WhiteFideId "4155351"]
[BlackFideId "2107660"]
[WhiteElo "2495"]
[BlackElo "2598"]
[Result "1-0"]
[Round "04"]
[TimeControl "180+1"]
[Date "2021.06.15"]
[WhiteClock "0:00:07"]
[BlackClock "0:00:03"]

1. d4 Nf6 2. c4 e6 3. g3 d5 4. Nf3 h6 5. Bg2 Bd6 6. O-O O-O 7. Nc3 b6 8. cxd5 exd5 9. Nb5 Ba6 10. Nxd6 cxd6 11. Bf4 Re8 12. Re1 Qd7 13. Rc1 Ne4 14. Nd2 Nf6 15. Qb3 Nc6 16. Qa4 Bb7 17. h4 Rac8 18. e3 Qf5 19. Bxd6 Re6 20. Ba3 Rce8 21. Qc2 Qg4 22. Bf3 Qh3 23. Bg2 Qg4 24. Nf3 Ne4 25. Nd2 Nxg3 26. fxg3 Nxd4 27. Qd3 Qxg3 28. Qxd4 Rg6 29. Re2 Rg4 30. Nf1 Qxh4 31. Qd2 d4 32. Rc7 dxe3 33. Qd7 Rf8 34. Rxb7 Qg5 35. Bxf8 Rxg2+ 36. Rxg2 e2 37. Qxf7+ Kh7 38. Qxg7+ Qxg7 39. Rbxg7+ Kh8 40. Rg8+ Kh7 41. R2g7# 1-0


[Site "https://www.chess.com"]

[Event "Titled Tuesday Blitz June 15 2021"]
[White "Murzin, Volodar"]
[Black "Alekseenko, Kirill"]
[WhiteFideId "44155573"]
[BlackFideId "4135539"]
[WhiteElo "2541"]
[BlackElo "2580"]
[Result "1-0"]
[Round "04"]
[TimeControl "180+1"]
[Date "2021.06.15"]
[WhiteClock "0:00:06"]
[BlackClock "0:00:18"]

1. e4 e5 2. Nf3 Nc6 3. Bb5 a6 4. Ba4 d6 5. O-O Bd7 6. c4 g5 7. Nc3 g4 8. Ne1 h5 9. Bxc6 bxc6 10. d4 Bg7 11. dxe5 Bxe5 12. Nd3 Bg7 13. Bf4 Ne7 14. c5 Be6 15. cxd6 cxd6 16. Bg5 Qd7 17. Nf4 Be5 18. Nd3 Bg7 19. Nf4 h4 20. Re1 Be5 21. Nd3 Bg7 22. Nf4 Rb8 23. Nxe6 Qxe6 24. Nd5 Rb7 25. Bxe7 Rxe7 26. Qa4 Qd7 27. Nxe7 Kxe7 28. Rac1 Rc8 29. e5 Bxe5 30. f4 gxf3 31. Qxh4+ f6 32. gxf3 Rg8+ 33. Kh1 Qf5 34. Rf1 Rg7 35. Qe4 Qh3 36. f4 d5 37. Qf3 Qxf3+ 38. Rxf3 Bxb2 39. Rxc6 Rg8 40. Rb3 Kd7 41. Rxa6 Bd4 42. Rb7+ Kc8 43. Ra8+ Kxb7 44. Rxg8 Be3 45. f5 d4 46. Kg2 d3 47. Kf3 d2 48. Rd8 Bh6 49. Rd3 Kc6 50. Ke2 Kb5 51. Rxd2 Kb4 52. Rd6 Bg5 53. Re6 Kc5 54. Kf3 Kd5 55. Kg4 1-0


[Site "https://www.chess.com"]

[Event "Titled Tuesday Blitz June 15 2021"]
[White "Nakamura, Hikaru"]
[Black "Andrews, Todd"]
[WhiteFideId "2016192"]
[BlackFideId "2012456"]
[WhiteElo "2900"]
[BlackElo "2424"]
[Result "1-0"]
[Round "04"]
[TimeControl "180+1"]
[Date "2021.06.15"]
[WhiteClock "0:02:11"]
[BlackClock "0:01:37"]

1. Nf3 Nf6 2. c4 c5 3. Nc3 g6 4. d4 cxd4 5. Nxd4 Bg7 6. e4 d6 7. Be2 Nc6 8. Nc2 O-O 9. O-O a6 10. b3 Be6 11. Rb1 Rb8 12. a4 Qc7 13. Nd5 Bxd5 14. exd5 Ne5 15. Bb2 Ne4 16. Ne3 Nc5 17. b4 Ncd7 18. f4 Nxc4 19. Nxc4 b5 20. Bxg7 Kxg7 21. Qd4+ Kg8 22. axb5 axb5 23. Na5 Qc2 24. Nc6 Qxe2 25. Rbe1 Qc4 26. Nxe7# 1-0


[Site "https://www.chess.com"]

[Event "Titled Tuesday Blitz June 15 2021"]
[White "Nazaretyan, Tigran"]
[Black "Triapishko, Alexandr"]
[WhiteFideId "24162345"]
[BlackFideId "14122286"]
[WhiteElo "2559"]
[BlackElo "2824"]
[Result "1-0"]
[Round "04"]
[TimeControl "180+1"]
[Date "2021.06.15"]
[WhiteClock "0:00:39"]
[BlackClock "0:00:01"]

1. d4 Nf6 2. c4 g6 3. Nc3 Bg7 4. e4 O-O 5. Nf3 c6 6. Bd3 d6 7. h3 a6 8. a4 a5 9. O-O Na6 10. Re1 Nb4 11. Bf1 e5 12. d5 Nd7 13. Bg5 f6 14. Be3 Nc5 15. Bxc5 dxc5 16. Qd2 Ra6 17. Rad1 Qc7 18. Qe3 Nc2 19. Qxc5 b6 20. Qxc6 Qxc6 21. dxc6 Nxe1 22. Nxe1 Ra7 23. Nb5 Re7 24. Nc2 Bh6 25. Rd6 f5 26. Bd3 Kg7 27. c7 Re6 28. Rd8 Ree8 29. Rd6 Rf6 30. Nca3 Bd2 31. Rd8 Rff8 32. Rxe8 Rxe8 33. Nd6 Rf8 34. Nab5 Bb4 35. Nxc8 Rxc8 36. exf5 Kf6 37. fxg6 hxg6 38. Be4 Ke6 39. Bf3 Ke7 40. Bg4 1-0


[Site "https://www.chess.com"]

[Event "Titled Tuesday Blitz June 15 2021"]
[White "Nesterov, Arseniy"]
[Black "Jacobson, Aaron"]
[WhiteFideId "24198455"]
[BlackFideId "2089912"]
[WhiteElo "2842"]
[BlackElo "2559"]
[Result "1/2-1/2"]
[Round "04"]
[TimeControl "180+1"]
[Date "2021.06.15"]
[WhiteClock "0:00:11"]
[BlackClock "0:00:19"]

1. d4 d5 2. c4 c5 3. cxd5 Nf6 4. Nf3 e6 5. dxe6 Bxe6 6. e3 Nc6 7. Bb5 Qb6 8. Qa4 Be7 9. dxc5 Bxc5 10. O-O O-O 11. Bxc6 bxc6 12. Nbd2 Bd5 13. b3 Rfe8 14. Bb2 Ne4 15. Rac1 Bxe3 16. fxe3 Qxe3+ 17. Kh1 Nxd2 18. Qg4 g6 19. Bd4 Qe2 20. Rf2 Bxf3 21. gxf3 Qd3 22. Rd1 Re2 23. Qg2 Rae8 24. Rxe2 Rxe2 25. Bf2 Qxf3 26. Qxf3 Nxf3 27. Bg3 h5 28. h4 f6 29. Rd3 Ne5 30. Rd6 Kf7 31. Bxe5 Rxe5 32. Rxc6 Ra5 33. a4 g5 34. Kg2 Kg6 35. Kg3 Rd5 36. Ra6 Rd3+ 37. Kg2 Rxb3 38. hxg5 Kxg5 39. Rxa7 f5 40. a5 Kg4 41. Rg7+ Kf4 42. a6 Rb2+ 43. Kh3 Ra2 44. a7 Kf3 45. Kh4 f4 46. Kxh5 Ke3 47. Re7+ Kf2 48. Kg4 f3 49. Rf7 Ra4+ 50. Rf4 Rxa7 51. Rxf3+ Ke2 52. Rf5 Ke3 53. Re5+ Kd4 54. Rg5 Ke4 55. Rg6 Ke5 56. Kg5 Ra1 57. Kh6 Kf5 58. Rg5+ Kf4 59. Rb5 Ra7 60. Rb4+ Kf5 61. Rb5+ Kf6 62. Rb6+ Kf7 63. Kg5 Ra4 64. Kf5 Ke7 65. Re6+ Kd7 66. Rh6 Ra5+ 67. Ke4 Ra3 68. Kd5 Rd3+ 69. Kc4 Rd1 70. Rh8 Kc7 71. Kc5 Rc1+ 72. Kd5 Re1 73. Kc5 Re5+ 74. Kd4 Rg5 75. Kc4 Kd6 76. Rh6+ Ke5 77. Ra6 Rg1 78. Ra5+ Ke4 79. Rh5 Rc1+ 80. Kb3 Rc8 81. Rh4+ Kd3 82. Rh3+ Kd4 83. Rh4+ Kd5 84. Rh5+ Ke4 85. Rh4+ Ke5 86. Rc4 Ra8 87. Ra4 Rh8 88. Ra5+ Kd4 89. Ra4+ Kd3 90. Rb4 Rh1 91. Kb2 Rh2+ 92. Kb3 Rh1 93. Kb2 Rg1 94. Rb8 Rg2+ 95. Kb3 Rg4 96. Rd8+ Ke3 97. Re8+ Kd4 98. Rb8 Kc5 99. Rc8+ Kb5 100. Rb8+ Kc6 101. Rb4 1/2-1/2


[Site "https://www.chess.com"]

[Event "Titled Tuesday Blitz June 15 2021"]
[White "Nguyen, Ngoc Truong Son"]
[Black "Khanin, Semen"]
[WhiteFideId "12401110"]
[BlackFideId "4111990"]
[WhiteElo "2596"]
[BlackElo "2521"]
[Result "0-1"]
[Round "04"]
[TimeControl "180+1"]
[Date "2021.06.15"]
[WhiteClock "0:00:07"]
[BlackClock "0:00:40"]

1. e4 e5 2. Nf3 Nc6 3. Bc4 Bc5 4. d3 Nf6 5. c3 d6 6. Bg5 h6 7. Bh4 g5 8. Bg3 a6 9. a4 Ba7 10. h3 Qe7 11. b4 Bd7 12. Nbd2 Nd8 13. b5 a5 14. Bb3 Ne6 15. Nc4 Nh5 16. Nxa5 Nxg3 17. fxg3 Nc5 18. Bd5 O-O-O 19. d4 exd4 20. cxd4 Nxe4 21. Bxb7+ Kb8 22. O-O g4 23. hxg4 h5 24. Re1 hxg4 25. Bxe4 gxf3 26. Bxf3 Qf6 27. Re4 Rde8 28. Rf4 Qg7 29. Nc6+ Bxc6 30. bxc6 Qxg3 31. Rg4 Rh1+ 32. Kxh1 Qf2 33. Rg5 Rh8+ 34. Rh5 Rxh5+ 35. Bxh5 Qh4+ 36. Kg1 Bxd4+ 0-1


[Site "https://www.chess.com"]

[Event "Titled Tuesday Blitz June 15 2021"]
[White "Nguyen, Quoc Hy"]
[Black "Sztokbant, Bernardo Vainzoff"]
[WhiteFideId "12410853"]
[BlackFideId "2115956"]
[WhiteElo "1975"]
[BlackElo "2264"]
[Result "0-1"]
[Round "04"]
[TimeControl "180+1"]
[Date "2021.06.15"]
[WhiteClock "0:00:13"]
[BlackClock "0:00:07"]

1. d4 Nf6 2. c4 g6 3. Nc3 d5 4. Bg5 Ne4 5. Bh4 Nxc3 6. bxc3 Bg7 7. e3 O-O 8. Nf3 c5 9. cxd5 Qxd5 10. Bxe7 Re8 11. Bxc5 Na6 12. Ba3 Bf5 13. Bxa6 bxa6 14. O-O Rac8 15. Bc5 Red8 16. Qb3 Qd7 17. Qa3 Bd3 18. Rfe1 Qc6 19. Nd2 Rd5 20. e4 Rxc5 21. Qxc5 Qxc5 22. dxc5 Bxc3 23. Rad1 Bc2 24. Nf3 Bxe1 25. Rxe1 Rxc5 26. Rc1 Rb5 27. Nd4 Rb1 28. Rxb1 Bxb1 29. f3 Bxa2 30. Nc6 Kf8 31. Kf2 Bc4 32. Nxa7 Ke7 33. Nc6+ Kd6 34. Na5 Be6 35. Ke3 Kc5 36. f4 Kb6 37. f5 Kxa5 0-1


[Site "https://www.chess.com"]

[Event "Titled Tuesday Blitz June 15 2021"]
[White "Niemann, Hans Moke"]
[Black "SpeedofLight0"]
[WhiteFideId "2093596"]
[WhiteElo "2492"]
[BlackElo "2794"]
[Result "0-1"]
[Round "04"]
[TimeControl "180+1"]
[Date "2021.06.15"]
[WhiteClock "0:00:06"]
[BlackClock "0:00:07"]

1. d4 Nf6 2. Nc3 d5 3. Bf4 e6 4. e3 Bb4 5. Ne2 c5 6. a3 Bxc3+ 7. Nxc3 c4 8. e4 dxe4 9. Bxc4 O-O 10. O-O Bd7 11. d5 Qc8 12. Qe2 exd5 13. Nxd5 Nxd5 14. Bxd5 Re8 15. Rad1 Bg4 16. f3 exf3 17. Qf2 fxg2 18. Qxg2 Bxd1 19. Bh6 Qg4 20. Bxf7+ Kh8 21. Bxe8 gxh6 22. Qxg4 Bxg4 23. Rf8+ Kg7 24. Rf7+ Kg8 25. Rxb7 Bf3 26. Rb3 Bd5 27. Rd3 Be4 28. Rd8 Na6 29. Rxa8 Bxa8 30. Kf2 Kf8 31. Bb5 Nc7 32. Bd3 Kg7 33. c4 a5 34. b4 axb4 35. axb4 Na6 36. b5 Nc5 37. Be2 Kf6 38. Ke3 Ke5 39. Bd1 Be4 40. Be2 Bc2 41. Kd2 Bf5 42. Kc3 Be6 43. Bf3 Kd6 44. Kb4 Nd3+ 45. Kc3 Ne5 46. Be2 Kc5 47. b6 Kxb6 48. Kd4 Nc6+ 49. Ke3 Kc5 50. Bd3 Ne5 51. Bxh7 Nxc4+ 52. Kf4 Kd4 53. Kg3 Ke5 54. Kh4 Kf6 55. Bd3 Ne5 56. Be2 Bd5 57. Kg3 Kg5 58. h4+ Kf5 59. Bd1 Be4 60. Be2 Ng6 61. Bg4+ Ke5 62. Bc8 Nf4 63. Kg4 Bg6 64. Kg3 Bh5 65. Bd7 Ne2+ 66. Kf2 Kf4 67. Bh3 Ng3 68. Bg2 Nf5 69. Bb7 Nxh4 70. Kg1 Bf3 71. Bc8 Nf5 72. Kf1 h5 73. Kg1 h4 74. Kh2 Bg4 75. Bd7 Nd4 76. Ba4 Nf3+ 77. Kh1 Kg3 78. Bc6 Bh3 79. Bxf3 Kxf3 80. Kh2 Kg4 0-1


[Site "https://www.chess.com"]

[Event "Titled Tuesday Blitz June 15 2021"]
[White "Oparin, Grigoriy"]
[Black "Kalashian, David"]
[WhiteFideId "24125890"]
[BlackFideId "13302418"]
[WhiteElo "2992"]
[BlackElo "2580"]
[Result "1/2-1/2"]
[Round "04"]
[TimeControl "180+1"]
[Date "2021.06.15"]
[WhiteClock "0:00:35"]
[BlackClock "0:00:03"]

1. b3 Nf6 2. Bb2 g6 3. Nf3 Bg7 4. c4 O-O 5. g3 d6 6. Bg2 e5 7. O-O Nc6 8. d3 Re8 9. Nc3 Be6 10. a3 a5 11. e3 Qd7 12. Ng5 Bg4 13. f3 Bf5 14. g4 Be6 15. Nxe6 fxe6 16. Qe2 Rf8 17. Ne4 Nxe4 18. dxe4 Ne7 19. g5 Qc6 20. h4 d5 21. cxd5 exd5 22. Rac1 Qb6 23. exd5 Nxd5 24. Rfe1 Qxb3 25. Rb1 Qa4 26. h5 gxh5 27. f4 c6 28. f5 Rxf5 29. e4 Nf4 30. exf5 Nxe2+ 31. Rxe2 Qg4 32. Rf2 Qxg5 33. Re1 Bf6 34. Bc1 Qg7 35. Kh1 Kh8 36. Rg1 Qg3 37. Rf3 Qg4 38. Rh3 Rg8 39. Be3 Qe2 40. Bh6 e4 41. Re3 Qf2 42. Rxe4 Bd4 43. Rxd4 Qxd4 44. Rf1 Qg4 45. Rf2 Qd1+ 46. Kh2 Qd6+ 47. Bf4 Qd4 48. Rf3 Qf6 49. Bd2 Qd6+ 50. Bf4 Qf6 51. Bd2 Qd6+ 52. Bf4 Qf6 1/2-1/2


[Site "https://www.chess.com"]

[Event "Titled Tuesday Blitz June 15 2021"]
[White "Paravyan, David"]
[Black "Pakleza, Zbigniew"]
[WhiteFideId "4194985"]
[BlackFideId "1119290"]
[WhiteElo "2562"]
[BlackElo "2526"]
[Result "1-0"]
[Round "04"]
[TimeControl "180+1"]
[Date "2021.06.15"]
[WhiteClock "0:00:09"]
[BlackClock "0:00:05"]

1. e4 d6 2. d4 Nf6 3. f3 e5 4. dxe5 dxe5 5. Qxd8+ Kxd8 6. Bc4 Be6 7. Bxe6 fxe6 8. Nd2 Nbd7 9. Nc4 b5 10. Na5 Bb4+ 11. Bd2 Bxa5 12. Bxa5 Ke7 13. Nh3 c5 14. Nf2 Nb8 15. Nd3 Nc6 16. Bc3 Nd7 17. b3 Rac8 18. O-O-O Nd4 19. Rhe1 Rhf8 20. Kb1 Rc6 21. Rd2 a5 22. Bxa5 b4 23. c3 bxc3 24. Bxc3 Rb8 25. Rc1 c4 26. Nxe5 Nxe5 27. Bxd4 cxb3 28. Rxc6 Nxc6 29. Bxg7 bxa2+ 30. Kxa2 e5 31. Bh6 Nd4 32. Be3 Ra8+ 33. Kb1 Rb8+ 34. Rb2 Rd8 35. Rb7+ Ke6 36. Rxh7 Ne2 37. Rh6+ Kf7 38. Kc2 Rc8+ 39. Kd2 Nc3 40. Rh5 Ke6 41. Rh6+ Kf7 42. Kd3 Nb5 43. Rb6 Rc3+ 44. Kd2 Rb3 45. Bc5 Ke8 46. h4 Kd7 47. h5 Kc7 48. h6 Rb2+ 49. Kc1 Rxg2 50. Rxb5 Rh2 51. Rb6 Rh1+ 52. Kd2 Rxh6 53. Rxh6 1-0


[Site "https://www.chess.com"]

[Event "Titled Tuesday Blitz June 15 2021"]
[White "Perez Ponsa, Federico"]
[Black "Balakrishnan, Praveen"]
[WhiteFideId "117927"]
[BlackFideId "2064871"]
[WhiteElo "2672"]
[BlackElo "2237"]
[Result "1-0"]
[Round "04"]
[TimeControl "180+1"]
[Date "2021.06.15"]
[WhiteClock "0:00:26"]
[BlackClock "0:00:14"]

1. e4 g6 2. d4 Bg7 3. Nf3 d6 4. Bc4 c6 5. Bb3 Nf6 6. Qe2 O-O 7. O-O Bg4 8. c3 Nbd7 9. Nbd2 e5 10. h3 Bxf3 11. Nxf3 Re8 12. dxe5 Nxe5 13. Bc2 Ned7 14. Bg5 d5 15. e5 h6 16. Bh4 Qb6 17. b4 Nh5 18. a4 Nxe5 19. Nxe5 Bxe5 20. Qd2 g5 21. a5 Qd8 22. Qd1 Ng7 23. Bg3 Bxc3 24. Ra3 Bxb4 25. Rb3 c5 26. Qd3 f5 27. Rbb1 d4 28. Qc4+ Kh8 29. f4 Re3 30. Rb3 Qe7 31. fxg5 Rxb3 32. Bxb3 hxg5 33. Qd5 Rd8 34. Qc4 Qe3+ 35. Bf2 Qe7 36. a6 bxa6 37. Qxa6 d3 38. Qh6# 1-0


[Site "https://www.chess.com"]

[Event "Titled Tuesday Blitz June 15 2021"]
[White "Plotnikov, Pavel"]
[Black "Valdes Romero, Leonardo"]
[WhiteFideId "4170342"]
[BlackFideId "6500331"]
[WhiteElo "2298"]
[BlackElo "2497"]
[Result "0-1"]
[Round "04"]
[TimeControl "180+1"]
[Date "2021.06.15"]
[WhiteClock "0:00:14"]
[BlackClock "0:00:17"]

1. e4 d6 2. d4 Nf6 3. Nc3 e5 4. Be3 Be7 5. h3 O-O 6. g4 c6 7. Nge2 b5 8. a3 a5 9. Bg2 Ba6 10. O-O b4 11. axb4 axb4 12. Na4 h6 13. d5 cxd5 14. exd5 Nbd7 15. Re1 Bb5 16. b3 Bxa4 17. bxa4 Qa5 18. Ng3 Rfc8 19. Nf5 Bf8 20. g5 hxg5 21. Bxg5 Nh7 22. Be7 Qc7 23. Bxf8 Ndxf8 24. Qg4 g6 25. Ne3 Nf6 26. Qh4 Kg7 27. Qg5 N8h7 28. Qg3 Nh5 29. Qg4 N7f6 30. Qg5 Kh7 31. Ra2 Ra5 32. h4 Rca8 33. Ng4 Nxg4 34. Qxg4 Rxa4 35. Rxa4 Rxa4 36. Be4 Kg7 37. Kh2 Qc3 38. Re3 Qd2 39. Rf3 Nf4 40. h5 Ra3 41. hxg6 fxg6 42. Qd7+ Kh6 43. Qg4 Rxf3 44. Qxf3 Qe2 45. Qe3 Qxe3 46. fxe3 Ne2 47. Bf3 Nc3 48. e4 Kg5 49. Kg3 Na2 50. Be2 Nc3 51. Bd3 Na4 52. Bb5 Nc5 53. Bc4 Nxe4+ 54. Kf3 Nd2+ 55. Ke3 Nxc4+ 56. Kd3 Nb6 57. c3 Kf5 58. c4 Nxc4 59. Kxc4 g5 60. Kxb4 e4 61. Kb5 e3 62. Kc6 Ke5 63. Kd7 e2 64. Kc6 e1=Q 65. Kd7 Qc3 66. Ke7 Qc7+ 67. Kf8 Kf6 68. Kg8 Qg7# 0-1


[Site "https://www.chess.com"]

[Event "Titled Tuesday Blitz June 15 2021"]
[White "Popilski, Gil"]
[Black "Liyanage, Ranindu Dilshan"]
[WhiteFideId "2809060"]
[BlackFideId "9915834"]
[WhiteElo "2537"]
[BlackElo "1839"]
[Result "0-1"]
[Round "04"]
[TimeControl "180+1"]
[Date "2021.06.15"]
[WhiteClock "0:00:03"]
[BlackClock "0:00:16"]

1. e4 e5 2. Nc3 Nc6 3. Bc4 Nf6 4. d3 h6 5. f4 d6 6. Nf3 g6 7. O-O Bg7 8. a3 O-O 9. Qe1 exf4 10. Bxf4 Nh5 11. Be3 Be6 12. Nd5 Ne7 13. Qd2 Kh7 14. Nd4 Nxd5 15. Nxe6 fxe6 16. exd5 e5 17. Qb4 b6 18. Rxf8 Qxf8 19. Qb5 Qe7 20. Rf1 Nf4 21. g3 Nh5 22. Qc6 Rd8 23. Qb7 e4 24. d4 Nf6 25. Be2 a5 26. c4 Rf8 27. b4 axb4 28. axb4 h5 29. h3 Bh6 30. Bxh6 Kxh6 31. c5 dxc5 32. bxc5 bxc5 33. Qc6 cxd4 34. Qe6 Qxe6 35. dxe6 Kg7 36. Bb5 Rb8 37. e7 Rxb5 38. Rxf6 Re5 39. Rc6 Rxe7 0-1


[Site "https://www.chess.com"]

[Event "Titled Tuesday Blitz June 15 2021"]
[White "Praggnanandhaa R"]
[Black "Urazayev, Arystanbek"]
[WhiteFideId "25059530"]
[BlackFideId "13709810"]
[WhiteElo "2555"]
[BlackElo "2321"]
[Result "1-0"]
[Round "04"]
[TimeControl "180+1"]
[Date "2021.06.15"]
[WhiteClock "0:00:04"]
[BlackClock "0:00:17"]

1. d4 d5 2. c4 e6 3. Nc3 Nf6 4. cxd5 exd5 5. Bg5 c6 6. e3 Bd6 7. Bd3 O-O 8. Nf3 Be6 9. Ne5 c5 10. O-O Nc6 11. Nxc6 bxc6 12. dxc5 Bxc5 13. Bf4 Bd6 14. Qf3 Qb8 15. Bxd6 Qxd6 16. Rac1 c5 17. b3 Rac8 18. Qg3 Qxg3 19. hxg3 Rfd8 20. Rfd1 Kf8 21. Na4 c4 22. Be2 cxb3 23. Rxc8 Rxc8 24. axb3 Ne4 25. Bf3 Ke7 26. b4 Rc4 27. Rd4 Rc1+ 28. Rd1 Rc4 29. Bxe4 dxe4 30. Rd4 Rxd4 31. exd4 f5 32. Nc3 Bc4 33. f3 exf3 34. gxf3 g5 35. f4 h6 36. Kf2 Ke6 37. Ke3 g4 38. Kd2 h5 39. Ke3 Kd6 40. Kd2 Kc6 41. Nd1 Be6 42. Ne3 Kb5 43. Kc3 Bd7 44. d5 a6 45. Nc2 Ka4 46. Nd4 Ka3 47. Kc4 Kb2 48. d6 Kc1 49. Kd5 Kd2 50. Ke5 h4 51. gxh4 g3 52. h5 g2 53. h6 Kd3 54. Nf3 Ke3 55. Ng1 Kf2 56. Nh3+ Kg3 57. h7 Kxh3 58. h8=Q+ Kg3 59. Qg7+ Kf3 60. Kf6 Kf2 61. Qxd7 g1=Q 62. Qa7+ Kf3 63. Qxg1 1-0


[Site "https://www.chess.com"]

[Event "Titled Tuesday Blitz June 15 2021"]
[White "Priyanka Nutakki"]
[Black "Real De Azua, Ernesto"]
[WhiteFideId "25049615"]
[BlackFideId "108154"]
[WhiteElo "1916"]
[BlackElo "2476"]
[Result "0-1"]
[Round "04"]
[TimeControl "180+1"]
[Date "2021.06.15"]
[WhiteClock "0:00:09"]
[BlackClock "0:00:09"]

1. c4 Nf6 2. Nc3 e5 3. g3 Nc6 4. Bg2 Bc5 5. e3 O-O 6. Nge2 a6 7. O-O d6 8. h3 Ba7 9. a3 Be6 10. d3 d5 11. cxd5 Nxd5 12. b4 Qd7 13. Kh2 Rad8 14. Ne4 Qe7 15. Qc2 Rfe8 16. Bb2 f6 17. Rac1 Qf7 18. Nc5 Bxc5 19. Qxc5 Nde7 20. d4 exd4 21. Nxd4 Bd5 22. e4 Nxd4 23. Qxd4 Nc6 24. Qe3 Bxe4 25. Bxe4 f5 26. f3 fxe4 27. fxe4 Qg6 28. Rce1 Ne5 29. Rd1 Rxd1 30. Rxd1 Nc4 31. Qb3 b5 32. e5 Rf8 33. Rd2 Qe4 34. Rg2 h6 35. e6 Qxe6 36. Qc3 Rf7 37. Qd4 Kh7 38. Bc3 Qg6 39. h4 c6 40. a4 Qh5 41. axb5 axb5 42. Qe4+ Qg6 43. Qd4 Qf5 44. Qd8 Rd7 45. Qe8 Nd6 46. Qe2 Qg6 47. Bd4 Nf5 48. Bc5 Nd4 49. Qf2 Ne6 50. Qf3 Nxc5 51. bxc5 Rd5 52. Re2 Qf5 53. Qxf5+ Rxf5 54. Rc2 Rd5 55. Kh3 Kg6 56. g4 Kf6 57. Kg2 Ke5 58. Kf3 Kd4 59. Re2 Rxc5 60. Re7 b4 61. Rxg7 b3 62. Rd7+ Kc3 63. Rd1 Kc2 64. Rf1 b2 65. Kf4 b1=Q 66. Rxb1 Kxb1 67. g5 hxg5+ 68. hxg5 Rd5 69. g6 c5 70. g7 Rd8 71. Ke4 Rg8 72. Kd5 Rxg7 73. Kxc5 Kc2 74. Kd6 Rg1 75. Ke6 Rd1 76. Kf6 Rd3 0-1


[Site "https://www.chess.com"]